 Dungeon Crawl Stone Soup version 0.30-a0-779-g7971cf19c3 (webtiles) character file.

Game seed: 8536016658345238698

6305 DEFE the Grappler (level 10, -17/83 HPs)
             Began as a Demonspawn Wanderer on Feb 17, 2023.
             Was a Believer of Uskayaw.
             Demolished by a large abomination (26 damage)
             ... on level 2 of the Abyss.
             The game lasted 00:13:58 (8204 turns).

DEFE the Grappler (Demonspawn Wanderer)             Turns: 8204, Time: 00:13:58

Health: -17/83     AC: 12    Str: 19    XL:     10   Next: 63%
Magic:  16/16      EV:  7    Int: 10    God:    Uskayaw [**....]
Gold:   326        SH:  0    Dex: 20    Spells: 11/11 levels left

rFire   . . .      SeeInvis .      - Unarmed
rCold   + . .      Faith    .    (no shield)
rNeg    . . .      Spirit   .    e - +0 chain mail of Uskayaw's Whim {rC+ Regen+ Stlth+}
rPois   +          Reflect  .    p - +0 helmet
rElec   .          Harm     .    f - +1 cloak
rCorr   .          Rampage  .    (no gloves)
Will    .....                    (no boots) Stlth
                                 k - amulet of regeneration
HPRegen 1.93/turn                b - +6 ring of dexterity
MPRegen 0.30/turn                u - ring of poison resistance

@: no status effects
A: claws 1, foul stench 1, magic regeneration, sharp scales 1
a: Renounce Religion, Stomp, Line Pass


You were on level 2 of the Abyss.
You worshipped Uskayaw.
Uskayaw was aware of your devotion.
You visited 2 branches of the dungeon, and saw 10 of its levels.
You visited the Abyss 1 time.
You also visited: Ossuary and Bailey.

You collected 469 gold pieces.
You spent 143 gold pieces at shops.

Inventory:

Hand Weapons
 a - a +3 sling
 r - a +3 hand axe
Missiles
 C - a throwing net
Armour
 d - a +0 leather armour
 e - the +0 chain mail of Uskayaw's Whim (worn) {rC+ Regen+ Stlth+}
   (You found it on level 3 of the Dungeon)

   rC:        It protects you from cold.
   Regen:     It increases your rate of health regeneration.
   Stlth:     It makes you more stealthy.
 f - a +1 cloak (worn)
 p - a +0 helmet (worn)
 x - the +5 scale mail of Anaesthesia {rN++}
   (You found it on level 5 of the Dungeon)

   rN:        It greatly protects you from negative energy.
Jewellery
 b - a +6 ring of dexterity (left claw)
 g - a ring of protection from cold
 i - an amulet of the acrobat
 k - an amulet of regeneration (around neck)
 u - a ring of poison resistance (right claw)
Wands
 G - a wand of polymorph (8)
 I - a wand of flame (8)
 K - a wand of roots (6)
Scrolls
 c - a scroll of fog
 j - a scroll of amnesia
 o - 2 scrolls of brand weapon
 s - a scroll of acquirement
 y - 3 scrolls of immolation {unknown}
 D - a scroll of enchant armour {unknown}
 E - a scroll of silence {unknown}
 J - 2 scrolls of enchant weapon {unknown}
 N - a scroll of fear {unknown}
 P - a scroll of poison {unknown}
Potions
 h - a potion of heal wounds
 n - 2 potions of degeneration {unknown}
 q - 2 potions of ambrosia {unknown}
 t - a potion of magic {unknown}
 v - 3 potions of lignification
 w - a potion of flight
 z - 10 potions of attraction {unknown}
 A - 2 potions of resistance {unknown}
 B - 3 potions of haste {unknown}
 F - a potion of berserk rage {unknown}
 H - a potion of curing {unknown}
 L - a potion of brilliance {unknown}
 M - a potion of mutation {unknown}
Miscellaneous
 O - a box of beasts (inert)


   Skills:
 + Level 9.2 Fighting
 - Level 1.0 Staves
 - Level 2.6 Ranged Weapons
 - Level 1.0 Throwing
 + Level 10.7 Unarmed Combat
 - Level 1.0 Spellcasting
 + Level 9.0 Invocations
 - Level 1.0 Evocations


You had 11 spell levels left.
You didn't know any spells.
Your spell library contained the following spells:

 Spells                   Type           Power      Damage    Failure   Level
 Frozen Ramparts          Ice            0%         1d1       100%        3
 Ignite Poison            Fire/Tmut/Pois 0%         N/A       100%        3
 Ice Form                 Ice/Tmut       0%         N/A       100%        4
 Sticky Flame             Conj/Fire      0%         2d3       100%        4
 Summon Ice Beast         Ice/Summ       0%         N/A       100%        4
 Ignition                 Fire           0%         3d3       100%        8


Dungeon Overview and Level Annotations

Branches:
Dungeon (9/15)             Temple (1/1) D:6            Lair (0/5) D:8
Ossuary (visited)          Bailey (visited)
    Orc: D:9-12

Altars:
Ashenzari
Cheibriados
Dithmenos
Fedhas
Gozag
Hepliaklqana
Kikubaaqudgha
Makhleb
Nemelex Xobeh
Okawaru
Qazlal
Ru
Sif Muna
Trog
Uskayaw
Vehumet
Wu Jian
Xom
Yredelemnul
Lugonu

Shops:
D:3 [   D:5 !   D:6 (

Portals:
Abyss: D:6

Annotations:
D:4 Duvessa
D:6 2 runed translucent doors
D:9 Psyche


Innate Abilities, Weirdness & Mutations

You have sharp fingernails.
You may rarely emit foul miasma when damaged in melee.
You regenerate magic rapidly.
You are partially covered in razor-sharp scales. (AC +1, Slay +1)


Message History

Unknown command.
You are suddenly pulled into a different region of the Abyss!
The large abomination hits you!!
You emit a cloud of foul miasma!
Found a corrupted altar of Lugonu.
A large abomination comes into view.
You take 27 damage, and have 56/83 hp.
MASSIVE DAMAGE!!
Unknown command.
Unknown command.
You scratch the large abomination but do no damage.
The large abomination hits you!
You take 6 damage, and have 50/83 hp.
Unknown command.
You claw the large abomination! The large abomination hits you!
You take 9 damage, and have 41/83 hp.
Unknown command.
Unknown command.
You scratch the large abomination.
The large abomination closely misses you.
You regained 2 hp, and now have 43/83 hp.
Unknown command.
Okay, then.
You scratch the large abomination. The large abomination hits you!!
You can now pass through a line of other dancers.
You take 17 damage, and have 26/83 hp.
MASSIVE DAMAGE!!
You feel much better. The large abomination hits you!!
You regained 9 hp, and now have 35/83 hp.
Unknown command.
You scratch the large abomination.
The large abomination hits you but does no damage.
You regained 2 hp, and now have 37/83 hp.
You claw the large abomination! The large abomination hits you!!
* * * LOW HITPOINT WARNING * * *
Unknown command.
You take 30 damage, and have 7/83 hp.
MASSIVE DAMAGE!!
Unknown command.
You barely miss the large abomination. The large abomination hits you!!
You die...

.. .......
#. .......
#.##
.......
...
....... ..
....... #.
.......
#.#.......
#.@X.....#
#_........
##........
##.......
.......
.......
.......
.......


You could see a large abomination.

Vanquished Creatures
  An orc knight (Bailey)
  An orc sorcerer (Bailey)
  2 kobold demonologists
  Prince Ribbit (D:6)
  Grinder (D:3)
  2 wyverns
  A steam dragon (D:6)
  A water moccasin (D:6)
  2 ice beasts (D:7)
  A sky beast (D:7)
  A black bear (D:6)
  12 orc warriors
  2 centaurs
  A kobold brigand (D:7)
  An elf zombie (Ossuary)
  A gnoll sergeant (D:9)
  A bullfrog (D:7)
  2 necrophages
  3 scorpions
  4 wights (D:9)
  Dowan (D:4)
  10 killer bees
  4 electric eels (Bailey)
  3 vampire bats (D:8)
  A human zombie (Ossuary)
  A centaur zombie (Ossuary)
  3 hounds
  An orc priest (D:7)
  2 jellies
  A gnoll bouda (D:9)
  4 iguanas
  4 orc wizards
  3 mummies
  Robin (D:3)
  9 gnolls
  8 adders
  A white imp (D:7)
  3 adder zombies (Ossuary)
  2 worms
  2 dart slugs (D:5)
  37 orcs
  A bat (D:1)
  4 bat skeletons (D:8)
  2 bat zombies (D:8)
  6 endoplasms
  3 giant cockroaches
  18 goblins
  11 hobgoblins
  11 jackals
  10 kobolds
  5 quokkas
  4 ball pythons
  2 frilled lizards
  12 hobgoblin zombies (Ossuary)
  A jackal zombie (Ossuary)
  7 kobold zombies (Ossuary)
  10 orc zombies
  2 rats
  2 rat zombies (Ossuary)
253 creatures vanquished.

Notes
Turn   | Place    | Note
-------+----------+-------------------------------------------
     0 | D:1      | DEFE the Demonspawn Wanderer began the quest for the Orb.
     0 | D:1      | DEFE set off with the following items: a +3 sling, a +0
                  | quarterstaff, a scroll of fog, a +0 leather armour.
     0 | D:1      | Reached XP level 1. HP: 16/16 MP: 2/2
   148 | D:1      | Gained mutation: You may rarely emit foul miasma when
                  | damaged in melee. [demonic ancestry]
   148 | D:1      | Reached XP level 2. HP: 23/23 MP: 3/3
   615 | D:2      | Gained mutation: You have sharp fingernails. [demonic
                  | ancestry]
   615 | D:2      | Reached XP level 3. HP: 29/29 MP: 4/4
   617 | D:2      | Found a faded altar of an unknown god.
   805 | D:2      | Reached skill level 1 in Unarmed Combat
   865 | D:2      | You fall into a shaft and drop 2 floors!
   926 | D:3      | Found an ornate altar of the Wu Jian Council.
  1086 | D:2      | Reached skill level 2 in Unarmed Combat
  1086 | D:2      | Reached XP level 4. HP: 35/35 MP: 5/5
  1272 | D:3      | Noticed Robin
  1283 | D:3      | Killed Robin
  1369 | D:3      | Identified the +0 chain mail of Uskayaw's Whim {rC+ Regen+
                  | Stlth+}
  1378 | D:3      | Noticed Grinder
  1439 | D:4      | Noticed Duvessa
  1439 | D:4      | Noticed Dowan
  1439 | D:4      | Noticed a scorpion
  1448 | D:2      | Killed a scorpion
  1449 | D:2      | Reached skill level 3 in Unarmed Combat
  1449 | D:2      | Gained mutation: You regenerate magic rapidly. [demonic
                  | ancestry]
  1449 | D:2      | Reached XP level 5. HP: 40/41 MP: 6/6
  1456 | D:3      | Paralysed by Grinder for 5 turns
  1481 | D:3      | Killed Grinder
  1482 | D:3      | Reached skill level 5 in Unarmed Combat
  1482 | D:3      | Gained mutation: You are partially covered in razor-sharp
                  | scales. (AC +1, Slay +1) [demonic ancestry]
  1482 | D:3      | Reached XP level 6. HP: 34/47 MP: 7/7
  1726 | D:3      | Found a burning altar of Makhleb.
  1729 | D:3      | Found a sparkling altar of Nemelex Xobeh.
  1737 | D:3      | Found a sacrificial altar of Ru.
  1745 | D:3      | Found a basalt altar of Yredelemnul.
  1745 | D:3      | Found a broken altar of Ashenzari.
  1995 | D:3      | Found Sex Ymiz's Antique Armour Shop.
  2226 | D:4      | Killed Dowan
  2374 | D:5      | Entered Level 5 of the Dungeon
  2410 | D:5      | Reached skill level 6 in Unarmed Combat
  2410 | D:5      | Reached XP level 7. HP: 45/52 MP: 8/8
  2600 | D:5      | Reached skill level 7 in Unarmed Combat
  3108 | D:5      | Found Nemos's Distillery.
  3116 | D:5      | Bought a potion of heal wounds for 65 gold pieces
  3116 | D:5      | Bought a potion of lignification for 39 gold pieces
  3116 | D:5      | Bought a potion of flight for 39 gold pieces
  3123 | D:5      | Identified the +5 scale mail of Anaesthesia {rN++}
  3556 | D:6      | Noticed Prince Ribbit
  3571 | D:6      | Killed Prince Ribbit
  3572 | D:6      | Reached XP level 8. HP: 47/61 MP: 9/9
  3611 | D:6      | Reached skill level 8 in Unarmed Combat
  3623 | D:6      | Found a sand-covered staircase.
  3630 | Ossuary  | Entered an ossuary
  3722 | Ossuary  | Reached skill level 5 in Fighting
  4036 | D:6      | Found a one-way gate to the infinite horrors of the Abyss.
  4134 | D:6      | Found a large runed translucent door.
  4135 | D:6      | Found a large runed translucent door.
  4140 | D:6      | Found a corrupted altar of Lugonu.
  4158 | D:6      | Found Dinad's Antique Weapon Emporium.
  4232 | D:6      | Found a staircase to the Ecumenical Temple.
  4288 | D:6      | Found a snail-covered altar of Cheibriados.
  4354 | Temple   | Entered the Ecumenical Temple
  4389 | Temple   | Became a worshipper of Uskayaw the Reveller
  4588 | D:6      | Found a shadowy altar of Dithmenos.
  4886 | D:6      | Reached * piety under Uskayaw
  4891 | D:6      | Reached ** piety under Uskayaw
  4894 | D:6      | Reached *** piety under Uskayaw
  5504 | D:7      | Reached XP level 9. HP: 70/70 MP: 11/11
  5518 | D:7      | Reached skill level 9 in Unarmed Combat
  5520 | D:7      | Reached **** piety under Uskayaw
  5538 | D:7      | Reached ***** piety under Uskayaw
  5556 | D:7      | Reached ****** piety under Uskayaw
  5861 | D:8      | Reached skill level 5 in Invocations
  5880 | D:8      | Found a flagged portal.
  5892 | Bailey   | Entered a bailey
  6157 | Bailey   | Noticed an orc sorcerer
  6164 | Bailey   | Paralysed by an orc sorcerer for 5 turns
  6165 | Bailey   | Noticed a smoke demon
  6174 | Bailey   | Killed an orc sorcerer
  6413 | Bailey   | Reached skill level 10 in Unarmed Combat
  6423 | Bailey   | Reached XP level 10. HP: 71/80 MP: 15/15
  6477 | Bailey   | Noticed an orc knight
  6506 | Bailey   | Killed an orc knight
  6607 | Bailey   | Found an iron altar of Okawaru.
  6796 | D:8      | Found a staircase to the Lair.
  7375 | D:8      | Found an ancient bone altar of Kikubaaqudgha.
  7816 | D:9      | Noticed Psyche
  7818 | Abyss:2  | Cast into level 2 of the Abyss (Psyche)
  7842 | Abyss:2  | Noticed a starcursed mass
  7859 | Abyss:2  | Paralysed by accursed screaming for 2 turns
  7860 | Abyss:2  | Noticed a wretched star
  7864 | Abyss:2  | Found a corrupted altar of Lugonu.
  7887 | Abyss:2  | Noticed a starcursed mass
  8196 | Abyss:2  | Found a corrupted altar of Lugonu.
  8197 | Abyss:2  | Noticed a large abomination
  8204 | Abyss:2  | Demolished by a large abomination

Illustrated notes

Levels and vault maps discovered:
D:1:      dpeg_arrival_concentric_ovals, layout_rooms, minmay_misc_feat_five,
          chequers_serial_rivers_micro_b
D:2:      layout_basic, nicolae_ecumenical_oubliette,
          nicolae_kite_square_tiling_tiny
D:3:      layout_basic, pdpol_wu_jian_five_deadly_venoms, elyvilon_altar_4,
          minmay_overflow_temple_star_hex, serial_shops,
          nicolae_shop_hallway_plus, minivault_25, uniq_robin, uniq_grinder
D:4:      layout_cave_pools, marbit_many_paths, portal_sewer_entry_e,
          uniq_crazy_yiuf_cottage, uniq_duvessa
D:5:      layout_layer_cave, serial_shops, shop
D:6:      due_chaos_kobolds, layout_gridville, lemuel_doored_altar,
          lemuel_crystal_altar, minmay_temple_entry_fiery,
          nicolae_ossuary_entry_giza, serial_shops, nicolae_stop_n_shop_2,
          uniq_prince_ribbit1
D:7:      layout_loops_ring
D:8:      layout_basic, kennysheep_vampire_church, dpeg_oklobed_lair,
          enter_bailey_2, minmay_misc_feat_tower
D:9:      layout_loops_ring, uniq_psyche
Temple:   nicolae_temple_ecumenical_triangle
Abyss:2:  base: D:3, bh_abyss_exit_grid

Skill      XL: |  1  2  3  4  5  6  7  8  9 10 |
---------------+-------------------------------+-----
Fighting       | 3 4 6 8 9 |  9.2
Unarmed Combat | 2 3 5 6 7 8 10 | 10.7
Invocations    | 2 7 9 |  9.0
Staves         | |  1.0
Ranged Weapons | |  2.6
Throwing       | |  1.0
Spellcasting   | |  1.0
Evocations     | |  1.0

Action                     |  1- 3 |  4- 6 |  7- 9 | 10-12 || total
---------------------------+-------+-------+-------+-------++-------
  Melee: Unarmed           |       |    98 |   393 |   149 ||   640
         Punch             |       |     5 |    20 |    10 ||    35
   Fire: Sling             |   111 |    45 |       |       ||   156
  Evoke: Wand              |       |       |     6 |     6 ||    12
         Box of beasts     |       |       |       |     1 ||     1
    Use: Scroll            |       |     1 |     6 |     4 ||    11
         Potion            |       |     1 |       |     4 ||     5
   Stab: Paralysed         |       |       |     5 |    10 ||    15
 Armour: Leather armour    |    25 |    13 |       |       ||    38
         Chain mail        |       |    47 |   249 |   130 ||   426
  Dodge: Dodged            |    42 |    39 |   145 |    70 ||   296

Table legend: (Time is in decaauts)
 A = Elapsed time spent in this place.
 B = Non-inter-level travel time spent in this place.
 C = Inter-level travel time spent in this place.
 D = Time resting spent in this place.
 E = Time spent auto-exploring this place.
 F = Levels seen in this place.
 G = Mean time per level.
                   A        B        C        D        E       F      G
               +--------+--------+--------+--------+--------+-----+--------+
         Total |   8166 |   7792 |    374 |    726 |   5383 |  13 |  628.2 |
       Dungeon |   6609 |   6243 |    366 |    307 |   4732 |   9 |  734.3 |
        Temple |     44 |     36 |      8 |      0 |     18 |   1 |   44.0 |
         Abyss |    384 |    384 |      0 |    105 |    196 |   1 |  384.0 |
       Ossuary |    242 |    242 |      0 |     13 |    109 |   1 |  242.0 |
        Bailey |    885 |    885 |      0 |    300 |    327 |   1 |  885.0 |
               +--------+--------+--------+--------+--------+-----+--------+

Top non-repeatable levels by time:
     D:6: 1263 daAuts
     D:5: 1165 daAuts
     D:3: 981 daAuts
  Bailey: 885 daAuts
     D:7: 702 daAuts
     D:8: 702 daAuts
     D:2: 611 daAuts
     D:1: 571 daAuts
 Abyss:2: 384 daAuts
     D:9: 360 daAuts
     D:4: 250 daAuts
 Ossuary: 242 daAuts
  Temple: 44 daAuts
